 Dungeon Crawl Stone Soup version 0.32-a0-131-g9dbbe29261 (webtiles) character file.

Game seed: 13512183771631394506

641 zeratav the Changeling (level 7, 0/50 HPs)
             Began as an Octopode Shapeshifter on Feb 8, 2024.
             Was an Initiate of Gozag.
             Slain by an ice beast (5 damage)
             ... on level 5 of the Dungeon.
             The game lasted 00:07:32 (4075 turns).

zeratav the Changeling (Octopode Shapeshifter)      Turns: 4075, Time: 00:07:33

Health: 0/50       AC:  1    Str: 16    XL:     7   Next: 51%
Magic:  7/7        EV: 13    Int: 12    God:    Gozag
Gold:   69         SH:  0    Dex: 11    Spells: 6/6 levels left

rFire   . .          .
                       - Unarmed
rCold   . . .        (no shield)
rNeg    . . .        (helmet currently unavailable)
rPois   .            (no amulet)
rElec   .            i - ring of see invisible
rCorr   .            (no ring)
SInv    +            (no ring)
Will    .....        (no ring)
Stlth   ++++         (no ring)
HPRegen 0.28/turn    (no ring)
MPRegen 0.10/turn    (no ring)
                     (no ring)

%: no passive effects
@: beast-form, gold aura
A: beast (slay +3), almost no armour, amphibious, 8 rings, camouflage 1,
gelatinous body 1, (nimble swimmer 1), tentacles
a: Begin Untransformation, Renounce Religion, Potion Petition, Call Merchant,
Bribe Branch


You were on level 5 of the Dungeon.
You worshipped Gozag.
Gozag was noncommittal.
You were a hulking beast.
You visited 1 branch of the dungeon, and saw 5 of its levels.
You also visited: Sewer.

You collected 92 gold pieces.
You paid 23 gold pieces to Gozag.


Innate Abilities, Weirdness & Mutations

You are a hulking beast.
Your limbs bulge with bestial killing power. (Slay +3)
You cannot wear most types of armour.
You are amphibious.
You can wear up to eight rings at the same time.
Your skin changes colour to match your surroundings (Stealth+).
Your rubbery body absorbs attacks. (AC +1, EV +1)
((You are camouflaged when in or above water. (Stealth+)))
You have tentacles for arms and can constrict up to eight enemies at once.


   Skills:
 - Level 5.0 Fighting
 - Level 2.0 Dodging
 - Level 5.0 Stealth
 - Level 3.0 Unarmed Combat
 + Level 5.4 Shapeshifting


You had 6 spell levels left.
You didn't know any spells.
Your spell library contained the following spells:

 Spells                   Type           Power      Damage    Failure   Level
 Kiss of Death            Conj/Necr      0%         2d5       32%         1
 Confusing Touch          Hex            0%         N/A       69%         3
 Dispel Undead            Necr           0%         3d6       97%         4

Inventory:

Jewellery
 i - a ring of see invisible (left tentacle)
   (You found it on level 2 of the Dungeon)
Talismans
 b - a beast talisman
 c - a flux talisman
Scrolls
 e - a scroll of torment {!r}
 g - 3 scrolls of enchant armour
 h - 3 scrolls of immolation {!r!r}
 j - 3 scrolls of revelation
 m - a scroll of amnesia
 n - a scroll of teleportation {unknown}
Potions
 a - a potion of enlightenment
 f - a potion of lignification {!q}
 k - a potion of haste {unknown}
 l - a potion of magic {unknown}

Dungeon Overview and Level Annotations

Branches:
Dungeon (5/15) Zot: 26851   Sewer (visited)
 Temple: D:4-7

Altars:
Gozag
Kikubaaqudgha
Vehumet
Zin

Shops:
D:4

( ...........>...
#..............
..###..............
...................
.(................#
#................#
#.........$.Y....##
...........h......#
.................##
.......<...........
.......<..........#
...................
...................
..........#......##
.........##..###.#
........## ..#


You could see an ice beast.


Message History

No target in view!
No target in view!
No target in view!
No target in view!
Search for what [Enter for "goz", or ? for help]?
There is an open door here.
There is an entrance to Bumpuu Huewn's Antique Weapon Shoppe here.
You enter the deep water.
There is an open door here.
There is an opulent altar of Gozag here.
HP[+9]
Your hp is fully restored (50).
Unknown command.
Press < or > to pray at altars.
You curl up in front of the altar of Gozag.
Gozag welcomes you!
You pay a service fee of 23 gold.
You see here 3 stones {throwing}.
There is an open door here.
You enter the deep water.
There is an open door here.
There is an open door here.
You see here a hound corpse.
You open the door.
There is an open door here.
You open the door.
There is an open door here.
There is an open door here.
There is an open door here.
There is an open door here.
There is an open door here.
There is an open door here.
Done exploring.
Done exploring.
There is an open door here.
There is an open door here.
There is a stone staircase leading down here.
You climb downwards.
Found 4 poisoned darts.
Found a stone staircase leading up.
There is a stone staircase leading up here.
There are monsters nearby!
Okay, then.
Found a stone staircase leading down.
The helpless iguana fails to defend itself.
You tentacle-slap the iguana. You grab the iguana.
You constrict the iguana, but do no damage.
You tentacle-slap the iguana but do no damage.
You squeeze the iguana. You constrict the iguana. The iguana bites you.
HP[-3]
You take 3 damage, and now have 47/50 hp.
You tentacle-slap the iguana. You squeeze the iguana.
You constrict the iguana, but do no damage.
The iguana bites you!
HP[-7]
You take 7 damage, and now have 40/50 hp.
You tentacle-slap the iguana but do no damage.
You constrict the iguana.
You kill the iguana!
HP[+1]
The helpless ice beast fails to defend itself.
You tentacle-slap the ice beast. The ice beast hits you.
The ice beast freezes you.
HP[-6]
You take 6 damage, and now have 35/50 hp.
You tentacle-slap the ice beast. The ice beast hits you.
The ice beast freezes you!
* * * LOW HITPOINT WARNING * * *
You are too injured to fight recklessly!
HP[-17]
You take 17 damage, and now have 18/50 hp.
MASSIVE DAMAGE!! (PAUSE)
You are too injured to fight recklessly!
You are too injured to fight recklessly!
You are too injured to fight recklessly!
You are too injured to fight recklessly!
You are too injured to fight recklessly!
You are too injured to fight recklessly!
You are too injured to fight recklessly!
You are too injured to fight recklessly!
You are too injured to fight recklessly!
You are too injured to fight recklessly!
You are too injured to fight recklessly!
You are too injured to fight recklessly!
You are too injured to fight recklessly!
You are too injured to fight recklessly!
You are too injured to fight recklessly!
You tentacle-slap the ice beast. The ice beast hits you.
* * * LOW HITPOINT WARNING * * *
The ice beast freezes you!
* * * LOW HITPOINT WARNING * * *
HP[-16]
You take 16 damage, and now have 2/50 hp.
MASSIVE DAMAGE!! (PAUSE)
Okay, then.
Okay, then.
It was a potion of curing.
You feel better. The ice beast hits you.
* * * LOW HITPOINT WARNING * * *
The ice beast freezes you.
You die...
Your body crumbles into a pile of gold.

Skill      XL: |  1  2  3  4  5  6 |
---------------+-------------------+-----
Stealth        | 2 3 5 |  5.0
Fighting       | 2 3 4 5 |  5.0
Shapeshifting  | 5 |  5.4
Dodging        | |  2.0
Unarmed Combat | |  3.0

Action                     |  1- 3 |  4- 6 |  7- 9 || total
---------------------------+-------+-------+-------++-------
  Melee: Unarmed           |    66 |   143 |    12 ||   221
         Tentacles         |    14 |    26 |     3 ||    43
         Constrict         |    17 |    31 |     2 ||    50
         Punch             |     3 |     5 |       ||     8
    Use: Scroll            |       |     6 |       ||     6
         Potion            |       |     2 |     1 ||     3
   Stab: Sleeping          |     8 |    18 |     3 ||    29
 Armour: Skin              |    19 |    48 |     9 ||    76
  Dodge: Dodged            |    40 |    65 |     3 ||   108

Levels and vault maps discovered:
D:1:      minmay_arrival_semitransparent, layout_basic, serial_bayou_lagoon_a
D:2:      layout_basic, hellmonk_ecumenical_altar_heavens_door,
          grunt_ministairs_2, uniq_jessica
D:3:      layout_basic, lemuel_doored_altar, portal_sewer_entry_b
D:4:      layout_gridville, zin_scriptorium, kennysheep_mini_moat,
          mainiacjoe_overflow_alcove_1, serial_shops, nicolae_shop_peninsula,
          uniq_grinder
D:5:      layout_cave_pools, minmay_chambers_of_fives

Notes
Turn   | Place    | Note
-------+----------+-------------------------------------------
     0 | D:1      | zeratav the Octopode Shapeshifter began the quest for the
                  | Orb.
     0 | D:1      | Reached XP level 1. HP: 13/13 MP: 1/1
     0 | D:1      | magus.rc [v1.9.6]
    75 | D:1      | Reached skill level 1 in Stealth
   214 | D:1      | Reached skill level 2 in Stealth
   244 | D:1      | Reached XP level 2. HP: 18/18 MP: 2/2
   298 | D:1      | Reached skill level 3 in Stealth
   424 | D:1      | Reached XP level 3. HP: 22/23 MP: 3/3
   787 | D:1      | Reached skill level 4 in Stealth
  1129 | D:2      | Found a faded altar of an unknown god.
  1138 | D:2      | Reached skill level 5 in Stealth
  1156 | D:2      | Noticed Jessica
  1177 | D:2      | Killed Jessica
  1178 | D:2      | Reached skill level 2 in Fighting
  1178 | D:2      | Reached XP level 4. HP: 22/29 MP: 4/4
  1515 | D:3      | You pick up a book of Touch and begin reading...
  1515 | D:3      | You add the spells Kiss of Death, Confusing Touch and
                  | Dispel Undead to your library.
  1574 | D:3      | Found a glowing drain.
  1589 | Sewer    | Entered a sewer
  1798 | Sewer    | Reached skill level 3 in Fighting
  1798 | Sewer    | Reached XP level 5. HP: 30/36 MP: 5/5
  1849 | Sewer    | Noticed a crocodile
  1928 | Sewer    | Reached skill level 4 in Fighting
  2006 | Sewer    | Reached XP level 6. HP: 38/44 MP: 6/6
  2408 | Sewer    | Reached skill level 5 in Fighting
  2693 | D:3      | Found a radiant altar of Vehumet.
  3310 | D:4      | Found Bumpuu Huewn's Antique Weapon Shoppe.
  3347 | D:4      | Found a glowing silver altar of Zin.
  3396 | D:4      | Found an ancient bone altar of Kikubaaqudgha.
  3646 | D:4      | Noticed Grinder
  3657 | D:4      | Killed Grinder
  3658 | D:4      | Reached skill level 5 in Shapeshifting
  3658 | D:4      | Reached XP level 7. HP: 42/50 MP: 7/7
  3816 | D:4      | Found an opulent altar of Gozag.
  3907 | D:4      | Became a worshipper of Gozag Ym Sagoz the Greedy
  4063 | D:5      | Entered Level 5 of the Dungeon
  4074 | D:5      | HP: 2/50 [ice beast (14)]
  4075 | D:5      | Slain by an ice beast

Vanquished Creatures
  Grinder (D:4)
  A crocodile (Sewer)
  A brain worm (Sewer)
  A hound (D:4)
  A jelly (D:4)
  Jessica (D:2)
  An iguana (D:5)
  9 adders
  2 river rats (Sewer)
  3 dart slugs
  5 ribbon worms
  2 orcs (D:3)
  10 endoplasms
  2 giant cockroaches
  3 goblins
  5 hobgoblins (D:1)
  10 jackals
  14 kobolds
  2 quokkas (D:2)
  7 ball pythons
  4 bats
  7 frilled lizards
  8 rats
100 creatures vanquished.

Table legend:
 A = Non-vault XP
 B = Vault XP
 C = Vault XP percentage of total XP
 D = Non-vault monster count
 E = Vault monster count
 F = Vault count percentage of total count
                 A         B        C        D         E       F
            +---------+---------+-------+---------+---------+-------
      Total |     272 |     644 |  70.3 |      63 |      37 |  37.0
            +---------+---------+-------+---------+---------+-------
        D:1 |      39 |       0 |   0.0 |      22 |       0 |   0.0
        D:2 |      45 |      40 |  47.1 |      13 |       3 |  18.8
        D:3 |      29 |       6 |  17.1 |      11 |       5 |  31.2
        D:4 |     123 |     258 |  67.7 |      16 |       1 |   5.9
        D:5 |      36 |       0 |   0.0 |       1 |       0 |   0.0
      Sewer |       0 |     340 | 100.0 |       0 |      28 | 100.0
            +---------+---------+-------+---------+---------+-------

Skill      XL: |  1  2  3  4  5  6 |
---------------+-------------------+-----
Stealth        | 2 3 5 |  5.0
Fighting       | 2 3 4 5 |  5.0
Shapeshifting  | 5 |  5.4
Dodging        | |  2.0
Unarmed Combat | |  3.0

Action                     |  1- 3 |  4- 6 |  7- 9 || total
---------------------------+-------+-------+-------++-------
  Melee: Unarmed           |    66 |   143 |    12 ||   221
         Tentacles         |    14 |    26 |     3 ||    43
         Constrict         |    17 |    31 |     2 ||    50
         Punch             |     3 |     5 |       ||     8
    Use: Scroll            |       |     6 |       ||     6
         Potion            |       |     2 |     1 ||     3
   Stab: Sleeping          |     8 |    18 |     3 ||    29
 Armour: Skin              |    19 |    48 |     9 ||    76
  Dodge: Dodged            |    40 |    65 |     3 ||   108

Illustrated notes

Table legend:
 A = Kills in this place as a percentage of kills in the entire game.
 B = Kills by you in this place as a percentage of kills by you in the entire game.
 C = Kills by friends in this place as a percentage of kills by friends in the entire game.
 D = Other kills in this place as a percentage of other kills in the entire game.
 E = Experience gained in this place as a percentage of experience gained in the entire game.
 F = Experience gained in this place divided by the number of levels of this place that you have seen.
                   A       B       C       D       E      F
               +-------+-------+-------+-------+-------+----------------------
         Total | 100.0 | 100.0 |   N/A |   N/A | 100.0 | 152.7
       Dungeon |  72.0 |  72.0 |   N/A |   N/A |  62.9 | 115.2
         Sewer |  28.0 |  28.0 |   N/A |   N/A |  37.1 | 340.0
               +-------+-------+-------+-------+-------+----------------------

Table legend: (Time is in decaauts)
 A = Elapsed time spent in this place.
 B = Non-inter-level travel time spent in this place.
 C = Inter-level travel time spent in this place.
 D = Time resting spent in this place.
 E = Time spent auto-exploring this place.
 F = Levels seen in this place.
 G = Mean time per level.
                   A        B        C        D        E       F      G
               +--------+--------+--------+--------+--------+-----+--------+
         Total |   4061 |   3881 |    180 |    138 |   2923 |   6 |  676.8 |
       Dungeon |   3147 |   2967 |    180 |      0 |   2387 |   5 |  629.4 |
         Sewer |    914 |    914 |      0 |    138 |    536 |   1 |  914.0 |
               +--------+--------+--------+--------+--------+-----+--------+

Top non-repeatable levels by time:
     D:1: 920 daAuts
   Sewer: 914 daAuts
     D:4: 880 daAuts
     D:3: 778 daAuts
     D:2: 555 daAuts
     D:5: 11 daAuts
